 Dungeon Crawl Stone Soup version 0.31.0-11-ge490571c62 (webtiles) character file.

Game seed: 13631189591767746155

605 olmar the Digger (level 7, -3/37 HPs)
             Began as a Gargoyle Earth Elementalist on Jan 28, 2024.
             Was a Believer of the Shining One.
             Slain by a wight
             ... wielding a +4 halberd
              (11 damage)
             ... on level 6 of the Dungeon.
             The game lasted 00:07:05 (4771 turns).

olmar the Digger (Gargoyle Earth Elementalist)      Turns: 4771, Time: 00:07:06

Health: -3/37      AC:  7    Str: 12    XL:     7   Next: 42%
Magic:  2/14       EV: 11    Int: 17    God:    the Shining One [**....]
Gold:   48         SH:  6    Dex: 10    Spells: 0/15 levels left

rFire   + . .        o - +2 dagger (venom)
rCold   + . .        (no shield)
rNeg    + + .        a - +1 robe
rPois   ∞            (no helmet)
rElec   +            y - scarf {rC+ rF+}
rCorr   .            (no gloves)
SInv    .            (no boots)
Will    .....        (no amulet)
Stlth   +            (no ring)
HPRegen 0.26/turn    (no ring)
MPRegen 0.14/turn

%: no passive effects
@: divinely shielded, glowing
A: sickness immunity, AC +4, negative energy resistance 1, electricity
resistance, torment resistance 1, petrification resistance
a: Renounce Religion, Divine Shield


You were on level 6 of the Dungeon.
You worshipped the Shining One.
The Shining One was pleased with you.
You visited 1 branch of the dungeon, and saw 6 of its levels.

You collected 367 gold pieces.
You spent 319 gold pieces at shops.

Inventory:

Hand Weapons
 j - a +1 dagger of speed
 o - a +2 dagger of venom (weapon)
Armour
 a - a +1 robe (worn)
 y - a scarf of resistance (worn)
Magical Staves
 r - a staff of cold
Jewellery
 d - an amulet of faith
Scrolls
 c - 2 scrolls of fear {unknown}
 g - a scroll of noise
 m - 3 scrolls of teleportation {unknown}
 p - a scroll of enchant armour
 s - 2 scrolls of silence {unknown}
 x - a scroll of amnesia {unknown}
Potions
 b - 3 potions of magic
 e - 3 potions of brilliance
 f - a potion of curing
 i - 3 potions of ambrosia
 k - a potion of heal wounds
 l - 4 potions of lignification
 n - a potion of invisibility
 q - 2 potions of attraction
 u - a potion of haste {unknown}
 v - a potion of enlightenment
 w - a potion of resistance


   Skills:
 + Level 0.9 Fighting
 - Level 1.5 Dodging
 - Level 2.1 Stealth
 + Level 4.9 Spellcasting
 + Level 1.2 Conjurations
 + Level 7.8 Earth Magic


You couldn't memorise any spells.
You knew the following spells:

 Your Spells              Type           Power      Damage    Failure   Level
a - Sandblast             Erth           62%        2d14      1%          1
b - Stone Arrow           Conj/Erth      38%        3d9       7%          3
c - Passwall              Erth           31%        N/A       1%          3
d - Brom's Barrelling Bo  Conj/Erth      19%        2d4       22%         4
e - Petrify               Alch/Erth      17%        N/A       28%         4

Your spell library contained the following spells:

 Spells                   Type           Power      Damage    Failure   Level
 Shock                    Conj/Air       24%        1d4       11%         1
 Slow                     Hex            16%        N/A       14%         1
 Confusing Touch          Hex            4%         N/A       41%         3
 Sigil of Binding         Hex            4%         N/A       41%         3
 Swiftness                Air            4%         N/A       41%         3
 Vampiric Draining        Necr           4%         2d6       41%         3
 Airstrike                Air            2%         2d(1-17)  82%         4


Dungeon Overview and Level Annotations

Branches:
Dungeon (6/15)             Temple (0/1) D:5

Altars:
Ashenzari
Fedhas
Gozag
Kikubaaqudgha
Makhleb
Nemelex Xobeh
Okawaru
Xom
The Shining One

Shops:
D:5 ([!(

Annotations:
D:3 3 runed translucent doors, browni3141's ghost, weakling MiFi


Innate Abilities, Weirdness & Mutations

You are immune to sickness and miasma.
Your stone body is resilient. (AC +4)
You are immune to poison.
You resist negative energy. (rN+)
You are resistant to electric shocks. (rElec)
You are resistant to unholy torment.
You are immune to petrification.


Message History

The wight hits you from afar with a +4 halberd!
Unknown command.
The wight attacks as it pursues you! The wight hits you with a +7 dagger.
Okay, then.
A divine shield forms around you! The wight closely misses you.
Unknown command.
Aiming: Sandblast (safe; 1% risk of failure)
Press: ? - help, Q - select action, (/) - cycle Shift-Dir - straight line, f - wight
Aim: a wight, wielding a +7 dagger and wearing a +0 robe (haloed, 87% to hit)
Okay, then.
Casting: Sandblast (safe; 1% risk of failure)
Confirm with . or Enter, or press ? or * to list all spells.
Okay, then.
Casting: Sandblast (safe; 1% risk of failure)
Confirm with . or Enter, or press ? or * to list all spells.
Aiming: Stone Arrow (dangerous; 7% risk of failure)
Press: ? - help, Shift-Dir - straight line, f - wight
Aim: a wight, wielding a +7 dagger and wearing a +0 robe (haloed, 79% to hit)
The stone arrow hits the wight!!
You destroy the wight!
The Shining One accepts your kill. The wight barely misses you.
Casting: Stone Arrow (dangerous; 7% risk of failure)
Confirm with . or Enter, or press ? or * to list all spells.
Aiming: Stone Arrow (dangerous; 7% risk of failure)
Press: ? - help, Shift-Dir - straight line, f - wight
Aim: a wight, wielding a +4 halberd and wearing a +0 robe (haloed, 79% to hit)
The stone arrow misses the wight.
The stone arrow hits the wight!
The wight is severely damaged.
The wight hits you from afar with a +4 halberd!
* * * LOW HITPOINT WARNING * * *
Casting: Stone Arrow (dangerous; 7% risk of failure)
Confirm with . or Enter, or press ? or * to list all spells.
Aiming: Stone Arrow (dangerous; 7% risk of failure)
Press: ? - help, Shift-Dir - straight line, f/p - wight
Aim: a wight, wielding a +4 halberd and wearing a +0 robe (haloed, 79% to hit)
The stone arrow hits the wight!
The wight is heavily damaged.
The wight hits you from afar with a +4 halberd!
You die...

###########
....<..<..#
##########.###
.......@)zz..#
##########.#.#
#....#'###
#.###z.z.# #
#....# #<...#
#....# #....#
#....#


You could see 2 wights.

Vanquished Creatures
  An ogre (D:4)
  A phantom (D:4)
  A scorpion (D:4)
  A wight (D:6)
  3 iguanas
  6 gnolls
  9 adders
  4 dart slugs
  2 ribbon worms (D:3)
  12 orcs
  3 bats
  7 endoplasms
  3 giant cockroaches
  11 goblins
  5 hobgoblins
  6 jackals
  6 quokkas
  8 ball pythons
  4 frilled lizards
  10 kobolds
  3 rats
106 creatures vanquished.

Notes
Turn   | Place    | Note
-------+----------+-------------------------------------------
     0 | D:1      | olmar the Gargoyle Earth Elementalist began the quest for
                  | the Orb.
     0 | D:1      | Reached XP level 1. HP: 10/10 MP: 3/3
    95 | D:1      | Reached skill level 4 in Earth Magic
   139 | D:1      | Reached XP level 2. HP: 15/15 MP: 3/5
   554 | D:1      | Found a faded altar of an unknown god.
   560 | D:1      | Prayed at the altar of an unknown god.
   560 | D:1      | Became a worshipper of the Shining One
   560 | D:1      | Reached * piety under the Shining One
   729 | D:2      | Reached XP level 3. HP: 18/19 MP: 3/6
  1210 | D:2      | Reached XP level 4. HP: 24/24 MP: 2/8
  1214 | D:2      | Learned a level 3 spell: Stone Arrow
  1218 | D:2      | Learned a level 3 spell: Passwall
  1440 | D:2      | Reached skill level 5 in Earth Magic
  1647 | D:3      | Found a shimmering altar of Xom.
  1675 | D:3      | Found a runed translucent gate.
  1676 | D:3      | Found a runed translucent gate.
  1676 | D:3      | Found a runed translucent gate.
  1677 | D:3      | Noticed browni3141's ghost (weakling MiFi)
  1729 | D:3      | Found a broken altar of Ashenzari.
  1790 | D:3      | Noticed a kobold brigand
  2428 | D:3      | Found a burning altar of Makhleb.
  2430 | D:3      | Noticed a green death
  2525 | D:3      | Found an opulent altar of Gozag.
  2590 | D:3      | Reached XP level 5. HP: 28/28 MP: 8/10
  2685 | D:4      | Learned a level 4 spell: Brom's Barrelling Boulder
  2881 | D:4      | Reached skill level 6 in Earth Magic
  3166 | D:4      | Reached XP level 6. HP: 33/33 MP: 7/12
  3303 | D:4      | Reached ** piety under the Shining One
  3309 | D:4      | Reached skill level 7 in Earth Magic
  3406 | D:4      | Reached XP level 7. HP: 37/37 MP: 10/13
  3641 | D:4      | Found a sparkling altar of Nemelex Xobeh.
  3722 | D:5      | Entered Level 5 of the Dungeon
  3814 | D:5      | Found a staircase to the Ecumenical Temple.
  3841 | D:5      | Found Huogutuf's Weapon Shop.
  3843 | D:5      | Found Keos's Distillery.
  3846 | D:5      | Found Inil Seh's Weapon Shop.
  3852 | D:5      | Learned a level 4 spell: Petrify
  3852 | D:5      | Found Rakkeor's Antique Armour Shop.
  3862 | D:5      | Bought a potion of enlightenment for 55 gold pieces
  3862 | D:5      | Bought a potion of lignification for 33 gold pieces
  3862 | D:5      | Bought a potion of resistance for 110 gold pieces
  3862 | D:5      | Bought a potion of ambrosia for 88 gold pieces
  3862 | D:5      | Bought a potion of attraction for 33 gold pieces
  3934 | D:5      | Found a blossoming altar of Fedhas.
  3934 | D:5      | Found an ancient bone altar of Kikubaaqudgha.
  4649 | D:5      | Found an iron altar of Okawaru.
  4771 | D:6      | Slain by a wight

Illustrated notes

Levels and vault maps discovered:
D:1:      lemuel_arrival_funnel, layout_rooms, ebering_ecumenical_altar_hall
D:2:      layout_rooms, hex_medium, kennysheep_small_spiral, grunt_ministairs_9
D:3:      kennysheep_six_static_rooms, layout_loops_ring,
          lemuel_coloured_pillars_altar, mainiacjoe_overflow_brackets,
          makhleb_altar_promises_db, nicolae_ashenzari_panopticon,
          gammafunk_ghost_nasty_kobolds
D:4:      kennysheep_big_flooded_room, layout_rooms, amcnicky_altar_gilded
D:5:      layout_loops_ring, grunt_temple_overflow_growth_and_decay,
          okawaru_altar_gauntlet_db, minmay_temple_entry_water_ring,
          minmay_tree_intersection, minmay_misc_feat_nine_boxes,
          minmay_shop_grid_forest
D:6:      layout_basic, slow_altar_1, elyvilon_altar_5, portal_sewer_entry_f

Skill      XL: |  1  2  3  4  5  6 |
---------------+-------------------+-----
Earth Magic    | 4 5 6 7 |  7.8
Spellcasting   | 3 4 |  4.9
Fighting       | |  0.9
Dodging        | |  1.5
Stealth        | |  2.1
Conjurations   | |  1.2

Action                     |  1- 3 |  4- 6 |  7- 9 || total
---------------------------+-------+-------+-------++-------
  Melee: Unarmed           |     4 |       |       ||     4
         Dagger            |       |     3 |     1 ||     4
   Cast: Sandblast         |    45 |    73 |    25 ||   143
         Stone Arrow       |       |     3 |     6 ||     9
 Invoke: Divine Shield     |       |       |     1 ||     1
    Use: Scroll            |       |     3 |     4 ||     7
         Potion            |       |     1 |     2 ||     3
 Armour: Robe              |    13 |    32 |    19 ||    64
  Dodge: Dodged            |    15 |    29 |    11 ||    55
